 Dungeon Crawl Stone Soup version 0.17-a0-1987-gaf5a542 (webtiles) character file.

105 wvc the Sneak (level 4, -1/23 HPs)
             Began as a Vine Stalker Assassin on Oct 6, 2015.
             Slain by an orc
             ... wielding a +2 hand axe of electrocution
              (15 damage)
             ... on level 3 of the Dungeon.
             The game lasted 00:03:48 (1789 turns).

wvc the Sneak (Vine Stalker Assassin)               Turns: 1789, Time: 00:03:48

Health: -1/23      AC:  4    Str: 13    XL:     4   Next: 83%
Magic:  0/5        EV: 12    Int: 11    God:
Gold:   190        SH:  0    Dex: 17    Spells: 0 memorised, 3 levels left

rFire  . . .     SeeInvis .     a - +2 dagger
rCold  . . .     Clarity  .     l - +0 leather armour
rNeg   . . .     SustAt   +     (no shield)
rPois  .         Gourm    .     (no helmet)
rElec  .         Spirit   +     d - +0 cloak
rCorr  .         Warding  .     (no gloves)
rMut   .         Stasis   .     (no boots)
MR     .....                    (no amulet)
Stlth  +++.......               s - ring of sustain attributes
                                (no ring)

@: not resistant to hostile enchantments, fairly stealthy
A: fangs 2, regeneration 1, magic shield, antimagic bite, no device heal 3, rot
immunity
a: no special abilities


You were on level 3 of the Dungeon.
You were not hungry.

You visited 1 branch of the dungeon, and saw 3 of its levels.

You collected 190 gold pieces.

Inventory:

Hand Weapons
 a - a +2 dagger (weapon)
 b - a +0 blowgun
Missiles
 e - 28 poisoned needles
 f - 2 curare-tipped needles
Armour
 d - a +0 cloak (worn)
 l - a +0 leather armour (worn)
Jewellery
 o - an uncursed ring of teleportation
 s - a ring of sustain attributes (right hand)
Scrolls
 c - a scroll of fear
 h - a scroll of remove curse
 i - a scroll of enchant weapon {unknown}
 q - a scroll of random uselessness {unknown}
 t - 3 scrolls of identify {unknown}
 u - a scroll of magic mapping {unknown}
Potions
 j - 4 potions of curing {unknown}
 k - a potion of flight {unknown}
 m - a potion of cure mutation {unknown}
 n - a potion of poison {unknown}
 p - a potion of beneficial mutation {unknown}
 r - 2 potions of might {unknown}
 v - a potion of agility {unknown}
Comestibles
 g - a bread ration
 w - a meat ration


   Skills:
 - Level 1.7 Fighting
 * Level 3.4 Short Blades
 - Level 1.7 Throwing
 + Level 1.4 Armour
 + Level 1.4 Dodging
 - Level 5.0 Stealth


You had 3 spell levels left.
You didn't know any spells.

Dungeon Overview and Level Annotations

Branches:
Dungeon (3/15)

Altars:


Innate Abilities, Weirdness & Mutations

You have extremely sharp teeth.
Your natural rate of healing is unusually fast.
When hurt, damage is shared between your health and your magic reserves.
Your bite disrupts and absorbs the magic of your enemies.
Potions and wands cannot restore your health.
You are immune to rotting.


Message History

An adder is nearby!
The helpless adder fails to defend itself.
You perforate the adder like a sieve!!!
You kill the adder!
No target in view!
A giant newt and an orc come into view.
Things that are here:
a dagger; an adder corpse
There are monsters nearby!
The orc shouts!
You barely miss the orc. The orc misses you.
You closely miss the orc. The orc misses you.
You hit the orc. You bite the orc. You drain its power.
The orc is heavily wounded.
You hit the orc.
The orc is severely wounded.
The orc hits you with a hand axe of electrocution!
You are electrocuted!
Ouch! That really hurt!
You die...

##....................
#..####.####.#.......
#..# #.####.#..#####
#..# #.........# #..#
######....# #..#####
#....# #....).# #.#..#
#.####.#####.#..#
#......@.....#..#
######.#o#####..#
#.#l.# #..# #....#
#..####### .....#
#........# ..8...
######.#.# ..≈≈≈..#
#.#.# ..≈ ≈..# #.#.##
##....#


You could see an orc and a giant newt.

Vanquished Creatures
  2 adders
  3 gnolls (D:2)
  3 worms
  An orc (D:3)
  5 bats
  6 goblins
  5 hobgoblins
  2 jackals (D:1)
  2 quokkas
  A giant cockroach (D:3)
  3 giant geckos
  4 giant newts
  5 kobolds
  8 rats
50 creatures vanquished.

Notes
Turn   | Place    | Note
--------------------------------------------------------------
     0 | D:1      | wvc the Vine Stalker Assassin began the quest for the Orb.
     0 | D:1      | Reached XP level 1. HP: 11/11 MP: 2/2
    56 | D:1      | Reached skill level 5 in Stealth
   282 | D:1      | Reached XP level 2. HP: 15/15 MP: 3/3
   781 | D:2      | Reached skill level 1 in Dodging
   960 | D:2      | Reached XP level 3. HP: 18/18 MP: 4/4
  1225 | D:2      | Reached skill level 1 in Armour
  1225 | D:2      | Reached XP level 4. HP: 23/23 MP: 3/5
  1789 | D:3      | Slain by an orc

Vault maps used:
D:1:      nagdon_arrival_zigzag_paths
D:3:      nicolae_overflow_quartered_altars, serial_park_tiny_pond,
          serial_park_tiny_1, minivault_19, st_stairs_10

Action                   |  1- 3 |  4- 6 || total
-------------------------+-------+-------++-------
Melee: Dagger            |    54 |    68 ||   122
 Fire: Blowgun           |    13 |       ||    13
  Use: Scroll            |       |     2 ||     2
 Stab: Sleeping          |     8 |     6 ||    14
       Distracted        |     1 |       ||     1
  Eat: Chunk             |     1 |     1 ||     2
       Pizza             |       |     1 ||     1
